 Dungeon Crawl Stone Soup version 0.27-a0-1200-g94dc6ad4cf (webtiles) character file.

Game seed: 7328111959573753927

5470 pilgrim the Archer (level 10, -17/64 HPs)
             Began as a Deep Elf Hunter on May 31, 2021.
             Was an Elder of Okawaru.
             Killed by refrigeration
             ... invoked by Fannar
              (32 damage)
             ... on level 10 of the Dungeon.
             The game lasted 00:46:26 (16007 turns).

pilgrim the Archer (Deep Elf Hunter)               Turns: 16007, Time: 00:46:26

Health: -17/64     AC: 12    Str: 12    XL:     10   Next: 42%
Magic:  22/32      EV: 11    Int: 17    God:    Okawaru [****..]
Gold:   136        SH:  0    Dex: 15    Spells: 5/24 levels left

rFire    . . .     SeeInvis .   a - +1 shortbow
rCold    . . .     Faith    .   (shield currently unavailable)
rNeg     . . .     Spirit   .   m - +2 ring mail {rPois}
rPois    +         Reflect  .   K - +2 hat
rElec    .         Harm     .   j - +0 cloak
rCorr    .         Rampage  .   C - +0 pair of gloves
Will     +....                  u - +0 pair of boots
Stlth    ++........             (no amulet)
HPRegen  0.20/turn              e - ring of magical power
MPRegen  0.23/turn              (no ring)

@: no status effects
A: no striking features
a: Renounce Religion, Heroism


You were on level 10 of the Dungeon.
You worshipped Okawaru.
Okawaru was greatly pleased with you.
You visited 2 branches of the dungeon, and saw 11 of its levels.

You collected 409 gold pieces.
You spent 273 gold pieces at shops.

Inventory:

Hand Weapons
 a - a +1 shortbow (weapon)
 b - the +5 long sword "Gaqas" {venom, rElec rC++ Int-5 SInv}
   (You took it off an orc on level 8 of the Dungeon)

   It poisons the flesh of those it strikes.
   It affects your intelligence (-5).
   It greatly protects you from cold.
   It insulates you from electricity.
   It lets you see invisible.
Missiles
 d - 5 arrows (quivered ammo)
 l - 4 curare-tipped darts
 F - a throwing net
Armour
 j - a +0 cloak (worn)
 m - a +2 ring mail of poison resistance (worn)
 u - a +0 pair of boots (worn)
 C - a +0 pair of gloves (worn)
 K - a +2 hat (worn)
Jewellery
 e - a ring of magical power (left hand)
 D - an amulet of faith
 G - a ring of fire
 M - a ring of see invisible
 O - a ring of poison resistance
Wands
 A - a wand of iceblast (12)
 B - a wand of mindburst (9)
 N - a wand of polymorph (6)
Scrolls
 c - a scroll of magic mapping {unknown}
 n - a scroll of fear {unknown}
 p - 3 scrolls of teleportation
 t - 3 scrolls of blinking
 v - a scroll of amnesia {unknown}
 x - a scroll of fog
 y - 2 scrolls of vulnerability {unknown}
 z - a scroll of enchant weapon {unknown}
 H - a scroll of enchant armour {unknown}
 I - a scroll of noise {unknown}
 J - 4 scrolls of immolation {unknown}
Potions
 f - 3 potions of might
 g - 3 potions of heal wounds
 h - 2 potions of brilliance
 i - 2 potions of mutation
 k - 4 potions of flight
 o - 7 potions of curing
 q - a potion of ambrosia {unknown}
 r - 2 potions of invisibility {unknown}
 s - 2 potions of magic {unknown}
 w - 2 potions of degeneration {unknown}
 E - a potion of lignification {unknown}
 L - a potion of resistance {unknown}


   Skills:
 + Level 7.8 Fighting
 + Level 12.5 Bows
 - Level 3.0 Dodging
 - Level 3.0 Stealth
 + Level 7.6 Spellcasting
 - Level 5.0 Hexes
 - Level 5.0 Translocations


You had 5 spell levels left.
You knew the following spells:

 Your Spells              Type           Power      Damage    Failure   Level
a - Corona                Hex            25%        N/A       3%          1
b - Slow                  Hex            23%        N/A       4%          2
c - Blink                 Tloc           N/A        N/A       4%          2
d - Cause Fear            Hex            11%        N/A       32%         4
e - Portal Projectile     Hex/Tloc       46%        N/A       10%         3
f - Inner Flame           Hex/Fire       14%        N/A       26%         3
g - Leda's Liquefaction   Hex/Erth       7%         N/A       65%         4

Your spell library contained the following spells:

 Spells                   Type           Power      Damage    Failure   Level
 Apportation              Tloc           46%        N/A       3%          1
 Confusing Touch          Hex            23%        N/A       10%         3
 Gell's Gravitas          Tloc           11%        N/A       10%         3
 Animate Skeleton         Necr           12%        N/A       26%         1
 Magic Dart               Conj           24%        1d4       26%         1
 Pain                     Necr           24%        1d5       26%         1
 Summon Small Mammal      Summ           24%        N/A       26%         1
 Call Imp                 Summ           6%         N/A       36%         2
 Conjure Flame            Conj/Fire      6%         6-21      58%         3
 Mephitic Cloud           Conj/Pois/Air  6%         N/A       58%         3
 Vampiric Draining        Necr           3%         2d6       58%         3
 Animate Dead             Necr           3%         N/A       94%         4
 Petrify                  Tmut/Erth      6%         N/A       94%         4
 Summon Lightning Spire   Summ/Air       6%         N/A       94%         4
 Metabolic Englaciation   Hex/Ice        7%         N/A       94%         5
 Silence                  Hex/Air        7%         N/A       94%         5
 Yara's Violent Unravell  Hex/Tmut       7%         3d5       94%         5
 Agony                    Necr           6%         N/A       100%        5
 Bolt of Magma            Conj/Fire/Erth 3%         4d5       100%        5
 Iskenderun's Battlesphe  Conj           6%         2d6       100%        5
 Conjure Ball Lightning   Conj/Air       3%         3x3d6     100%        6
 Iron Shot                Conj/Erth      3%         9d2       100%        6
 Orb of Destruction       Conj           3%         9d1       100%        7
 Spellforged Servitor     Conj/Summ      3%         N/A       100%        7
 Discord                  Hex            11%        N/A       100%        8
 Tornado                  Air            3%         N/A       100%        9


Dungeon Overview and Level Annotations

Branches:
Dungeon (10/15)            Temple (1/1) D:4
   Lair: D:8-11         Orc: D:9-12

Altars:
Ashenzari
Cheibriados
Dithmenos
Elyvilon
Fedhas
Gozag
Hepliaklqana
Kikubaaqudgha
Makhleb
Nemelex Xobeh
Okawaru
Qazlal
Ru
Sif Muna
Trog
Uskayaw
Vehumet
Wu Jian
Xom
Yredelemnul
Zin
The Shining One

Shops:
D:4 =:**

Annotations:
D:10 exclusion: killer bee, Fannar, Urug


Message History

Aim: Urug, wielding a +1 demon trident, wearing a +0 scale mail, quivering silver javelins and carrying a wand of paralysis (8) (severely wounded, 63% to hit)
You shoot an arrow. The arrow hits Urug.
Urug is severely wounded.
Urug hits you from afar with a +1 demon trident!!
* * * LOW HITPOINT WARNING * * *
Casting: Blink (safe; 4% risk of failure)
Confirm with . or Enter, or press ? or * to list all spells.
You blink.
Urug zaps a wand.
You suddenly lose the ability to move!
Urug zaps a wand.
You easily resist.
Urug hits you but does no damage.
You can move again.
Casting: Blink (safe; 4% risk of failure)
Confirm with . or Enter, or press ? or * to list all spells.
You blink.
Fannar the Cold-Hearted comes into view.
They are wielding a +0 quarterstaff of freezing and wearing a +2 robe of cold resistance.
Urug throws a silver javelin.
The silver javelin closely misses you.
Fire: 9 arrows
Press: ? - help, Q - select action, (/) - cycle Shift-Dir - straight line, f/p - Urug
Aim: Urug, wielding a +1 demon trident, wearing a +0 scale mail, quivering silver javelins and carrying a wand of paralysis (6) (severely wounded, 63% to hit)
You shoot an arrow. The arrow misses Urug.
Fire: 8 arrows
Press: ? - help, Q - select action, (/) - cycle Shift-Dir - straight line, f/p - Urug
Aim: Urug, wielding a +1 demon trident, wearing a +0 scale mail, quivering silver javelins and carrying a wand of paralysis (6) (severely wounded, 63% to hit)
You shoot an arrow. The arrow hits Urug.
Urug is almost dead.
Fire: 7 arrows
Press: ? - help, Q - select action, (/) - cycle Shift-Dir - straight line, f/p - Urug
Aim: Urug, wielding a +1 demon trident, wearing a +0 scale mail, quivering silver javelins and carrying a wand of paralysis (6) (almost dead, 63% to hit)
You shoot an arrow. The arrow misses Urug.
Fire: 6 arrows
Press: ? - help, Q - select action, (/) - cycle Shift-Dir - straight line, f/p - Urug
Aim: Urug, wielding a +1 demon trident, wearing a +0 scale mail, quivering silver javelins and carrying a wand of paralysis (6) (severely wounded, 63% to hit)
You shoot an arrow. The arrow barely misses Urug.
Fannar shouts!
Urug hits you from afar with a +1 demon trident.
* * * LOW HITPOINT WARNING * * *
Fannar casts a spell.
Fannar drains the heat from the surrounding environment!
Ouch! That really hurt!
You die...

....... #.....# #...e.#
#.....# .# #.....# .#
###.....# .#
........#########.#
#....(.(.....#####
#..@..............
#.......(.........
#.o(..((.((.......
#..(#######.......
#.(.#.....#.......
#####+##...'.....#.......
.........(.#.....#.......
...........#.....#.......
..########.#.....#.......


You could see Fannar and Urug.

Vanquished Creatures
  A deep elf pyromancer (D:8)
  Prince Ribbit (D:8)
  Sigmund (D:4)
  2 wyverns
  4 steam dragons
  A water moccasin (D:8)
  3 orc warriors
  4 sky beasts
  4 black bears
  2 ogres
  A centaur (D:9)
  3 phantoms
  Blork the orc (D:4)
  A bullfrog (D:9)
  A gnoll sergeant (D:6)
  A wyvern zombie (D:5)
  3 scorpions
  A wyvern skeleton (D:5)
  A water moccasin skeleton (D:5)
  3 killer bees (D:8)
  9 wights
  A howler monkey (D:8)
  An electric eel (D:9)
  7 crimson imps (D:8)
  A centaur zombie (D:9)
  3 jellies
  A centaur skeleton (D:5)
  4 hounds
  4 orc priests
  2 iguanas
  9 orc wizards
  A killer bee zombie (D:7)
  A hound zombie (D:5)
  A howler monkey zombie (D:9)
  7 gnolls
  5 adders
  2 shadow imps (D:8)
  A white imp (D:8)
  An adder skeleton (D:4)
  A worm (D:2)
  3 dart slugs
  34 orcs
  6 endoplasms
  6 giant cockroaches
  5 goblins
  7 hobgoblins
  4 jackals
  7 kobolds
  2 quokkas
  3 ball pythons
  5 bats
  A frilled lizard (D:2)
  4 rats
188 creatures vanquished.

Vanquished Creatures (others)
  A bullfrog (D:7)
  An orc (D:7)
2 creatures vanquished.

Grand Total: 190 creatures vanquished

Notes
Turn   | Place    | Note
-------+----------+-------------------------------------------
     0 | D:1      | pilgrim the Deep Elf Hunter began the quest for the Orb.
     0 | D:1      | Reached XP level 1. HP: 12/12 MP: 3/3
    96 | D:1      | Found a faded altar of an unknown god.
   450 | D:1      | Reached XP level 2. HP: 17/17 MP: 4/4
  1370 | D:2      | Reached XP level 3. HP: 21/21 MP: 5/5
  1972 | D:3      | Reached skill level 6 in Bows
  1972 | D:3      | Reached XP level 4. HP: 26/26 MP: 6/6
  2651 | D:3      | Noticed a phantom
  2879 | D:4      | Noticed Blork the orc
  2921 | D:3      | Killed a phantom
  2922 | D:3      | Reached XP level 5. HP: 32/32 MP: 7/7
  3015 | D:4      | Reached skill level 7 in Bows
  3211 | D:4      | Found a staircase to the Ecumenical Temple.
  3212 | D:4      | Noticed Sigmund
  3450 | D:4      | Killed Blork the orc
  3451 | D:4      | Reached XP level 6. HP: 28/37 MP: 8/8
  3636 | D:4      | Killed Sigmund
  3637 | D:4      | Reached skill level 8 in Bows
  3834 | Temple   | Entered the Ecumenical Temple
  3865 | Temple   | Became a worshipper of Warmaster Okawaru
  4371 | D:4      | Found Oced's Jewellery Emporium.
  4375 | D:4      | Found Ydep's Book Emporium.
  4401 | D:4      | Reached XP level 7. HP: 44/44 MP: 9/9
  4688 | D:4      | Found Meleptyoss's General Store.
  4694 | D:4      | Found Bemeyroc's General Store.
  4698 | D:4      | Bought a scroll of fog for 20 gold pieces
  4702 | D:4      | Bought a scroll of teleportation for 33 gold pieces
  4708 | D:4      | Learned a level 1 spell: Corona
  5100 | D:5      | Entered Level 5 of the Dungeon
  5165 | D:5      | Reached skill level 9 in Bows
  5582 | D:5      | Reached skill level 5 in Fighting
  6044 | D:5      | Reached * piety under Okawaru
  6187 | D:5      | Reached XP level 8. HP: 24/50 MP: 10/10
  7130 | D:5      | Reached skill level 10 in Bows
  7841 | D:6      | Reached skill level 1 in Spellcasting
  9309 | D:6      | Reached skill level 11 in Bows
  9571 | D:6      | Reached ** piety under Okawaru
  9869 | D:4      | Bought a book of Minor Magic for 220 gold pieces
  9872 | D:4      | Learned a level 2 spell: Slow
  9875 | D:4      | Learned a level 2 spell: Blink
  9923 | D:6      | Reached XP level 9. HP: 56/56 MP: 17/17
 10029 | D:6      | Reached skill level 1 in Hexes
 10033 | D:6      | Reached skill level 1 in Translocations
 10502 | D:7      | Reached skill level 5 in Spellcasting
 12547 | D:8      | Noticed a deep elf pyromancer
 12560 | D:8      | Killed a deep elf pyromancer
 12560 | D:8      | Reached *** piety under Okawaru
 12561 | D:8      | Reached skill level 12 in Bows
 12617 | D:8      | Identified the +5 long sword "Gaqas" {venom, rElec rC++
                  | Int-5 SInv}
 12660 | D:8      | Noticed Prince Ribbit
 12671 | D:8      | Killed Prince Ribbit
 12672 | D:8      | Reached XP level 10. HP: 43/63 MP: 21/21
 13481 | D:8      | Reached skill level 5 in Hexes
 14609 | D:8      | HP: 3/60 [wight/+3 great sword (7)]
 15029 | D:9      | Found a blossoming altar of Fedhas.
 15055 | D:10     | Entered Level 10 of the Dungeon
 15191 | D:9      | Learned a level 4 spell: Cause Fear
 15380 | D:9      | Learned a level 3 spell: Portal Projectile
 15384 | D:9      | Learned a level 3 spell: Inner Flame
 15389 | D:9      | Learned a level 4 spell: Leda's Liquefaction
 15450 | D:9      | Reached **** piety under Okawaru
 15536 | D:9      | Noticed a manticore
 15721 | D:9      | Reached skill level 5 in Translocations
 15972 | D:10     | Noticed Urug
 15973 | D:10     | Paralysed by Urug for 3 turns
 15999 | D:10     | Paralysed by Urug for 3 turns
 16002 | D:10     | Noticed Fannar
 16007 | D:10     | Killed from afar by Fannar

Illustrated notes

Levels and vault maps discovered:
D:1:      amcnicky_arrival_wind_blow, layout_basic,
          ebering_ecumenical_altar_rust, minmay_misc_feat_rows
D:2:      layout_rooms
D:3:      layout_basic, kennysheep_generic_room_10
D:4:      layout_basic, temple_fountains, minmay_shop_grid_forest, uniq_sigmund,
          uniq_blork_the_orc
D:5:      layout_loops_corners, minmay_diced_spiral
D:6:      layout_loops_ring, hangedman_decor_push
D:7:      cheibrodos_steamvent, layout_basic
D:8:      layout_basic, minmay_nine_imps, uniq_prince_ribbit1
D:9:      layout_basic, fedhas_altar_1, lair_entry_dummy
D:10:     layout_irregular_city, nicolae_lava_and_water, uniq_fannar, uniq_urug,
          uniq_harold
Temple:   nicolae_temple_the_god_donut

Skill      XL: |  1  2  3  4  5  6  7  8  9 10 |
---------------+-------------------------------+-----
Stealth        | 2 3 |  3.0
Fighting       | 2 3 4 5 6 7 |  7.8
Dodging        | 3 |  3.0
Bows           | 6 7 8 9 11 12 | 12.5
Spellcasting   | 4 6 7 |  7.6
Hexes          | 4 5 |  5.0
Translocations | 3 5 |  5.0

Action                   |  1- 3 |  4- 6 |  7- 9 | 10-12 || total
-------------------------+-------+-------+-------+-------++-------
Melee: Short sword       |    22 |     8 |    19 |       ||    49
       Long sword        |       |       |     5 |    37 ||    42
 Fire: Shortbow          |   107 |   133 |   504 |   170 ||   914
 Cast: Corona            |       |       |     3 |     1 ||     4
       Blink             |       |       |       |    26 ||    26
       Slow              |       |       |       |     1 ||     1
  Use: Scroll            |       |     3 |     1 |     3 ||     7
       Potion            |       |       |     4 |       ||     4
 Stab: Sleeping          |       |       |       |     1 ||     1
Armor: Leather armour    |     7 |       |       |       ||     7
       Ring mail         |    11 |    15 |   101 |    53 ||   180
Dodge: Dodged            |    29 |    26 |    84 |    42 ||   181
       Rpst.: Long sword |       |       |     1 |     7 ||     8

Table legend: (Time is in decaauts)
 A = Elapsed time spent in this place.
 B = Non-inter-level travel time spent in this place.
 C = Inter-level travel time spent in this place.
 D = Time resting spent in this place.
 E = Time spent auto-exploring this place.
 F = Levels seen in this place.
 G = Mean time per level.
                   A        B        C        D        E       F      G
               +--------+--------+--------+--------+--------+-----+--------+
         Total |  15877 |  13891 |   1986 |   2517 |   8564 |  11 | 1443.4 |
       Dungeon |  15617 |  13647 |   1970 |   2517 |   8325 |  10 | 1561.7 |
        Temple |    259 |    243 |     16 |      0 |    239 |   1 |  259.0 |
               +--------+--------+--------+--------+--------+-----+--------+

Top non-repeatable levels by time:
     D:6: 2793 daAuts
     D:5: 2509 daAuts
     D:7: 2099 daAuts
     D:8: 2009 daAuts
     D:4: 1765 daAuts
     D:1: 1324 daAuts
     D:3: 1165 daAuts
     D:9: 1029 daAuts
     D:2: 828 daAuts
  Temple: 259 daAuts
    D:10: 92 daAuts
